 Dungeon Crawl Stone Soup version 0.30.2 (webtiles) character file.

Game seed: 14497076033346666896

3784 porpoise the Skirmisher (level 10, -7/79 HPs)
             Began as a Human Hunter on Mar 9, 2024.
             Mangled by a vampire mosquito (9 damage)
             ... on level 8 of the Dungeon.
             The game lasted 00:19:20 (7860 turns).

porpoise the Skirmisher (Human Hunter)              Turns: 7860, Time: 00:19:21

Health: -7/79      AC:  7    Str: 11    XL:     10   Next: 38%
Magic:  10/10      EV: 12    Int: 10    God:
Gold:   385        SH:  0    Dex: 21    Spells: 9/9 levels left

rFire   . . .        a - +1 shortbow
rCold   . . .        (shield currently unavailable)
rNeg    . . .        c - +0 leather armour
rPois   .            t - +1 helmet
rElec   .            (no cloak)
rCorr   .            d - +0 pair of gloves
SInv    .            z - +0 pair of boots
Will    .....        (no amulet)
Stlth   +++          (no ring)
HPRegen 0.33/turn    (no ring)
MPRegen 0.12/turn

%: no passive effects
@: hasted, very quick
A: no striking features
a: no special abilities


You were on level 8 of the Dungeon.
You visited 2 branches of the dungeon, and saw 10 of its levels.

You collected 421 gold pieces.
You spent 36 gold pieces at shops.

Inventory:

Hand Weapons
 a - a +1 shortbow (weapon)
 b - a +2 dagger of venom
 B - a +0 arbalest
Missiles
 x - 5 boomerangs
 E - 2 poisoned darts
Armour
 c - a +0 leather armour (worn)
 d - a +0 pair of gloves (worn)
 t - a +1 helmet (worn)
 z - a +0 pair of boots (worn)
 F - a +0 ring mail
Jewellery
 h - a ring of magical power
 v - a ring of wizardry
Wands
 g - a wand of charming (4)
 G - a wand of flame (20)
 H - a wand of polymorph (8)
 I - a wand of roots (14)
Scrolls
 f - a scroll of noise {unknown}
 i - a scroll of magic mapping
 j - 2 scrolls of teleportation
 l - a scroll of poison {unknown}
 m - a scroll of blinking {unknown}
 n - a scroll of brand weapon {unknown}
 o - a scroll of enchant armour
 p - 3 scrolls of immolation
 u - a scroll of enchant weapon
 y - 2 scrolls of amnesia
Potions
 e - 2 potions of flight
 k - 4 potions of curing
 q - a potion of mutation
 r - a potion of might
 w - 2 potions of brilliance
 A - a potion of ambrosia {unknown}
 C - a potion of attraction {unknown}
 D - a potion of cancellation {unknown}


   Skills:
 - Level 7.0 Fighting
 * Level 10.9 Ranged Weapons
 + Level 2.6 Armour
 + Level 2.1 Dodging
 - Level 5.0 Stealth
 - Level 5.0 Evocations


You had 9 spell levels left.
You didn't know any spells.
Your spell library contained the following spells:

 Spells                   Type           Power      Damage    Failure   Level
 Beastly Appendage        Tmut           0%         N/A       45%         1
 Slow                     Hex            0%         N/A       45%         1
 Sting                    Tmut/Pois      0%         1d3       45%         1
 Cigotuvi's Dreadful Rot  Necr/Pois/Air  0%         N/A       58%         2
 Poisonous Vapours        Pois/Air       0%         N/A       58%         2
 Wereblood                Tmut           0%         N/A       58%         2
 Confusing Touch          Hex            0%         N/A       83%         3
 Inner Flame              Hex/Fire       0%         N/A       83%         3
 Mephitic Cloud           Conj/Pois/Air  0%         N/A       83%         3
 Spider Form              Tmut/Pois      0%         N/A       83%         3
 Vampiric Draining        Necr           0%         2d6       83%         3
 Animate Armour           Summ/Erth      0%         N/A       99%         4
 Dispel Undead            Necr           0%         3d6       99%         4
 Blade Hands              Tmut           0%         N/A       100%        5
 Freezing Cloud           Conj/Ice/Air   0%         6-21      100%        5
 Death Channel            Necr           0%         N/A       100%        6
 Iron Shot                Conj/Erth      0%         9d1       100%        6


Dungeon Overview and Level Annotations

Branches:
Dungeon (9/15)             Temple (1/1) D:5
   Lair: D:8-11         Orc: D:9-12

Altars:
Cheibriados
Dithmenos
Elyvilon
Fedhas
Gozag
Kikubaaqudgha
Makhleb
Nemelex Xobeh
Okawaru
Qazlal
Ru
Sif Muna
Trog
Uskayaw
Vehumet
Xom
Yredelemnul
Zin
The Shining One

Shops:
D:2 !   D:4 :


Message History

The vampire mosquito draws strength from your injuries!
The vampire mosquito bites you.
The vampire mosquito draws strength from your injuries!
The vampire mosquito bites you but does no damage.
The vampire mosquito bites you.
The vampire mosquito draws strength from your injuries!
The vampire mosquito bites you but does no damage.
The vampire mosquito bites you!
The vampire mosquito draws strength from your injuries!
The vampire mosquito barely misses you.
There is a stone staircase leading up, spattered with blood here.
The vampire mosquito bites you!
The vampire mosquito draws strength from your injuries!
The vampire mosquito bites you.
The vampire mosquito draws strength from your injuries!
The vampire mosquito bites you.
The vampire mosquito draws strength from your injuries!
The vampire mosquito barely misses you. The vampire mosquito bites you.
The vampire mosquito draws strength from your injuries!
The vampire mosquito barely misses you. The vampire mosquito bites you!
* * * LOW HITPOINT WARNING * * *
The vampire mosquito draws strength from your injuries!
The vampire mosquito completely misses you.
You climb upwards.
There is a stone staircase leading down here.
You feel yourself speed up. The vampire mosquito bites you.
* * * LOW HITPOINT WARNING * * *
The vampire mosquito draws strength from your injuries!
The vampire mosquito closely misses you. x2
The vampire mosquito bites you.
* * * LOW HITPOINT WARNING * * *
The vampire mosquito draws strength from your injuries!
The vampire mosquito bites you!
* * * LOW HITPOINT WARNING * * *
The vampire mosquito draws strength from your injuries!
The vampire mosquito misses you. The vampire mosquito bites you.
* * * LOW HITPOINT WARNING * * *
The vampire mosquito draws strength from your injuries!
The vampire mosquito bites you!
You die...

.#####.###..##.###
.................#
.#####.####..#.#.#
.# #.........#.# .#
#.........#.#
.######.####...#.#
........# ##....###
#....#### #..y.y.#
#....# ##..@..#
##############.yy..#
#......).))..#.....#
#.##########.#.....#
#.# #.#.....# #.#
#.#.##### #.# #.#.#
#.# #.#.# #.# #.#.#


You could see 4 vampire mosquitoes.

Vanquished Creatures
  Pikel (D:5)
  An ugly thing (D:7)
  A komodo dragon (D:8)
  A wyvern (D:8)
  2 water moccasins
  2 orc warriors
  An ogre (D:6)
  3 centaurs
  3 phantoms
  A lemure (D:5)
  7 bullfrogs
  2 scorpions (D:5)
  3 killer bees (D:7)
  2 vampire bats (D:4)
  2 electric eels (D:7)
  A jelly (D:5)
  4 hounds
  3 orc priests
  A gnoll bouda (D:5)
  An iguana (D:4)
  5 orc wizards
  6 gnolls
  11 adders
  A shadow imp (D:6)
  A white imp (D:8)
  3 dart slugs
  20 orcs
  7 ball pythons
  10 bats
  7 endoplasms
  6 giant cockroaches
  8 goblins
  6 hobgoblins
  4 jackals
  6 quokkas
  5 frilled lizards
  6 kobolds
  7 rats
161 creatures vanquished.

Vanquished Creatures (collateral kills)
  An electric eel (D:6)
1 creature vanquished.

Vanquished Creatures (others)
  A killer bee (D:7)
1 creature vanquished.

Grand Total: 163 creatures vanquished

Notes
Turn   | Place    | Note
-------+----------+-------------------------------------------
     0 | D:1      | porpoise the Human Hunter began the quest for the Orb.
     0 | D:1      | Reached XP level 1. HP: 16/16 MP: 1/1
   118 | D:1      | Reached XP level 2. HP: 22/22 MP: 2/2
   176 | D:1      | Found a faded altar of an unknown god.
   560 | D:2      | Reached XP level 3. HP: 28/28 MP: 3/3
   798 | D:2      | Reached XP level 4. HP: 34/34 MP: 4/4
  1078 | D:2      | Found Xab Ymeg's Distillery.
  1086 | D:2      | Bought a potion of curing for 36 gold pieces
  1150 | D:2      | Got the Volume of Heated Putrescence
  1333 | D:3      | Found a sacrificial altar of Ru.
  1371 | D:3      | Reached skill level 5 in Ranged Weapons
  1394 | D:3      | Reached XP level 5. HP: 40/40 MP: 5/5
  1593 | D:4      | Found Sotzaku's Book Emporium.
  1862 | D:4      | Found an opulent altar of Gozag.
  1953 | D:4      | Reached XP level 6. HP: 47/47 MP: 6/6
  2259 | D:4      | Found a hide-covered altar of Uskayaw.
  2374 | D:5      | Entered Level 5 of the Dungeon
  2408 | D:5      | Reached skill level 6 in Ranged Weapons
  2575 | D:5      | Noticed a water moccasin
  2592 | D:5      | Killed a water moccasin
  2593 | D:5      | Reached XP level 7. HP: 3/54 MP: 7/7
  2594 | D:5      | HP: 2/54 [poisoned by a water moccasin]
  2786 | D:5      | Found a staircase to the Ecumenical Temple.
  2952 | Temple   | Entered the Ecumenical Temple
  3290 | D:5      | Reached skill level 7 in Ranged Weapons
  3576 | D:5      | Noticed Pikel
  3599 | D:5      | Killed Pikel
  3600 | D:5      | Reached skill level 5 in Fighting
  3600 | D:5      | Reached skill level 5 in Stealth
  3600 | D:5      | Reached XP level 8. HP: 24/62 MP: 8/8
  3746 | D:5      | Reached skill level 8 in Ranged Weapons
  4025 | D:5      | Reached skill level 1 in Evocations
  4304 | D:6      | Reached XP level 9. HP: 63/69 MP: 9/9
  4666 | D:6      | Reached skill level 9 in Ranged Weapons
  5020 | D:7      | Noticed a red ugly thing
  5028 | D:7      | Killed a red ugly thing
  5616 | D:7      | Reached skill level 10 in Ranged Weapons
  6177 | D:7      | Reached XP level 10. HP: 77/77 MP: 10/10
  6388 | D:7      | Reached skill level 1 in Armour
  7411 | D:8      | Noticed a komodo dragon
  7425 | D:8      | Killed a komodo dragon
  7426 | D:8      | Reached skill level 5 in Evocations
  7860 | D:8      | HP: 2/79 [vampire mosquito (6)]
  7860 | D:8      | Mangled by a vampire mosquito

Illustrated notes

Levels and vault maps discovered:
D:1:      minmay_arrival_cross, layout_rooms,
          shapermc_ecumenical_altar_acropolis
D:2:      layout_basic, serial_shops, nicolae_shop_peninsula
D:3:      layout_basic, nicolae_ru_sacrificial_ziggurat,
          small_statue_intersection
D:4:      layout_loops_cross, mainiacjoe_overflow_boulevard,
          nicolae_uskayaw_suspiria, nicolae_stop_n_shop_2, roderic_batcave,
          nrook_loot_triangle, dk_noncrumbling_3
D:5:      layout_loops_ring, minmay_temple_entry_large_hall, uniq_pikel
D:6:      layout_rooms, kennysheep_generic_room_2
D:7:      wad_lake_hut, layout_basic
D:8:      layout_basic
D:9:      layout_big_octagon, serial_shops, nicolae_shop_real_fake_doors,
          nicolae_underground_beach
Temple:   nicolae_temple_x_marks_the_god

Skill      XL: |  1  2  3  4  5  6  7  8  9 10 |
---------------+-------------------------------+-----
Stealth        | 2 3 5 |  5.0
Ranged Weapons | 5 6 7 8 10 | 10.9
Fighting       | 3 4 5 6 7 |  7.0
Evocations     | 1 4 5 |  5.0
Armour         | 2 |  2.6
Dodging        | |  2.1

Action                     |  1- 3 |  4- 6 |  7- 9 | 10-12 || total
---------------------------+-------+-------+-------+-------++-------
  Melee: Dagger            |       |       |    92 |     4 ||    96
         Punch             |       |       |     1 |       ||     1
   Fire: Shortbow          |    60 |   187 |   240 |    94 ||   581
  Evoke: Wand              |       |       |    10 |       ||    10
    Use: Scroll            |       |     5 |     7 |       ||    12
         Potion            |       |       |     6 |     1 ||     7
 Armour: Leather armour    |     3 |    48 |    78 |    11 ||   140
  Dodge: Dodged            |     4 |    88 |   183 |    43 ||   318
